 Dungeon Crawl Stone Soup version 0.18.1-50-g88ac8fd (webtiles) character file.

284 Gargoyl the Distorting Demonspawn (level 6, 19/48 HPs)
             Began as a Demonspawn Abyssal Knight on Sept 23, 2016.
             Was a Believer of Lugonu.
             Quit the game on level 4 of the Dungeon.
             The game lasted 00:05:48 (2996 turns).

Gargoyl the Distorting Demonspawn (DsAK)            Turns: 2996, Time: 00:05:49

Health: 19/48      AC: 10    Str: 15    XL:     6   Next: 7%
Magic:  7/9        EV: 15    Int: 13    God:    Lugonu [**....]
Gold:   142        SH:  0    Dex: 17    Spells: 0 memorised, 5 levels left

rFire  . . .     SeeInvis .     n - +1 war axe
rCold  . . .     Gourm    .     s - +4 scale mail
rNeg   . . .     Faith    .     (no shield)
rPois  .         Spirit   +     (helmet unavailable)
rElec  .         Dismiss  .     (no cloak)
rCorr  .         Reflect  .     (no gloves)
SustAt +         Harm     .     (no boots)
MR     .....                    p - amulet of magic regeneration
Stlth  +.........               (no ring)
                                g - ring of sustain attributes

@: agile, not resistant to hostile enchantments, very unstealthy
A: horns 3, powered by pain 1, magic shield
a: Depart the Abyss, Bend Space, Renounce Religion


You were on level 4 of the Dungeon.
You worshipped Lugonu.
Lugonu was pleased with you.
You were very hungry.

You visited 1 branch of the dungeon, and saw 4 of its levels.
You visited the Abyss 1 time.

You collected 142 gold pieces.

Inventory:

Hand Weapons
 n - a +1 war axe (weapon)
 o - a +0 war axe
Missiles
 u - 3 tomahawks (quivered)
Armour
 s - a +4 scale mail (worn)
Rods
 j - a +0 rod of ignition (12/12)
   (You found it on level 2 of the Dungeon)
Jewellery
 g - a ring of sustain attributes (left hand)
 h - an uncursed ring of see invisible {unknown}
 p - an amulet of magic regeneration (around neck)
Scrolls
 b - 2 scrolls of fear
 f - 2 scrolls of teleportation
 q - a scroll of amnesia {unknown}
Potions
 a - a potion of berserk rage {unknown}
 e - 4 potions of agility {unknown}
 i - a potion of ambrosia {unknown}
 k - a potion of magic {unknown}
 l - 2 potions of resistance {unknown}
 r - 3 potions of degeneration {unknown}
Comestibles
 c - 3 bread rations
 m - a royal jelly


   Skills:
 + Level 3.8 Fighting
 + Level 2.8 Axes
 + Level 0.1 Throwing
 * Level 3.6 Armour
 + Level 2.1 Dodging
 * Level 4.0 Invocations


You had 5 spell levels left.
You didn't know any spells.

Dungeon Overview and Level Annotations

Branches:
Dungeon (4/15)
 Temple: D:4-7

Altars:
Yredelemnul


Innate Abilities, Weirdness & Mutations

You have a pair of large horns on your head.
You sometimes gain a little power by taking damage.
When hurt, damage is shared between your health and your magic reserves.


Message History

You are feeling very hungry.
You hit the ogre but do no damage.
The ogre is almost dead.
The ogre hits you with a giant club.
Your scale mail prevents you from hitting the ogre.
The ogre is almost dead.
The ogre hits you with a giant club!
You focus on the pain.
You feel agile all of a sudden.
You completely miss the ogre. You headbutt the ogre.
You kill the ogre!
Lugonu accepts your kill.
Your Dodging skill increases to level 2!
Your Invocations skill increases to level 4!
You have reached level 6!
Your experience leads to an increase in your attributes!
Your base attributes are Str 14, Int 13, Dex 12.
Increase (S)trength, (I)ntelligence, or (D)exterity?
You feel stronger.
Your demonic ancestry asserts itself...
You feel your magical essence form a protective shroud around your flesh.
Are you sure you want to abandon this character and quit the game? (Confirm with "yes".)

#############
#............
#..../......(
#....@)(..(..
##..<####..##
#####


There were no monsters in sight!

Vanquished Creatures
  An ogre (D:4)
  An orc wizard (D:3)
  A worker ant (D:3)
  Terence (D:3)
  4 adders
  A worm (D:3)
  3 dart slugs
  3 giant geckos
  16 orcs (D:3)
  8 bats
  A giant cockroach (D:3)
  8 hobgoblins
  7 jackals
  4 goblins
  5 kobolds
  3 rats
67 creatures vanquished.

Notes
Turn   | Place    | Note
--------------------------------------------------------------
     0 | Abyss:1  | Gargoyl the Demonspawn Abyssal Knight began the quest for the Orb.
     0 | Abyss:1  | Reached XP level 1. HP: 18/18 MP: 2/2
    79 | Abyss:1  | Found a corrupted altar of Lugonu.
    83 | Abyss:1  | Noticed a quasit
    94 | Abyss:1  | Noticed a small abomination
    97 | Abyss:1  | Noticed a wretched star
   101 | Abyss:1  | Noticed an earth elemental
   120 | D:1      | Escaped the Abyss
   317 | D:1      | Gained mutation: You have a pair of small horns on your head. [demonic ancestry]
   317 | D:1      | Reached XP level 2. HP: 16/24 MP: 4/4
   502 | D:1      | Reached skill level 3 in Invocations
   881 | D:1      | Gained mutation: You have a pair of horns on your head. [demonic ancestry]
   881 | D:1      | Reached XP level 3. HP: 29/29 MP: 5/5
  1079 | D:2      | Reached * piety under Lugonu
  1390 | D:2      | Reached skill level 1 in Dodging
  1800 | D:3      | Gained mutation: You have a pair of large horns on your head. [demonic ancestry]
  1800 | D:3      | Reached XP level 4. HP: 19/36 MP: 6/6
  2069 | D:3      | Reached ** piety under Lugonu
  2202 | D:3      | Noticed Terence
  2217 | D:3      | Killed Terence
  2217 | D:3      | Gained mutation: You sometimes gain a little power by taking damage. [demonic ancestry]
  2217 | D:3      | Reached XP level 5. HP: 16/41 MP: 7/7
  2681 | D:3      | Found a basalt altar of Yredelemnul.
  2986 | D:4      | Noticed an ogre
  2995 | D:4      | Killed an ogre
  2995 | D:4      | Reached skill level 4 in Invocations
  2995 | D:4      | Gained mutation: When hurt, damage is shared between your health and your magic reserves. [demonic ancestry]
  2995 | D:4      | Reached XP level 6. HP: 18/48 MP: 7/9
  2996 | D:4      | Quit the game

Skill      XL: |  1  2  3  4  5 |
---------------+----------------+-----
Axes           | 2 |  2.8
Armour         | 2 3 |  3.6
Invocations    | 3 4 |  4.0
Dodging        | 1 2 |  2.1
Fighting       | |  3.8
Throwing       | |  0.1

Action                   |  1- 3 |  4- 6 || total
-------------------------+-------+-------++-------
Melee: Hand axe          |    55 |       ||    55
       Headbutt          |     5 |    11 ||    16
       War axe           |    37 |    88 ||   125
Throw: Javelin           |       |     2 ||     2
       Tomahawk          |       |     2 ||     2
Invok: Depart the Abyss  |     1 |       ||     1
  Use: Scroll            |     6 |     1 ||     7
  Eat: Chunk             |     3 |     3 ||     6
Armor: Ring mail         |    36 |    22 ||    58
       Scale mail        |       |    32 ||    32
Dodge: Dodged            |    71 |    62 ||   133
